 Dungeon Crawl Stone Soup version 0.28-a0-834-g1a73be5ee4 (webtiles) character file.

Game seed: 8750621096070466502

1626 Crownlay the Cleaver (level 8, -1/67 HPs)
             Began as a Hill Orc Fighter on Nov 11, 2021.
             Was an Initiate of Okawaru.
             Slain by an orc warrior (4 damage)
             ... on level 6 of the Dungeon.
             The game lasted 00:07:18 (7799 turns).

Crownlay the Cleaver (Hill Orc Fighter)             Turns: 7799, Time: 00:07:19

Health: -1/67      AC: 10    Str: 21    XL:     8   Next: 97%
Magic:  9/9        EV:  9    Int:  8    God:    Okawaru [......]
Gold:   382        SH:  7    Dex: 10    Spells: 7/7 levels left

rFire   + . .      SeeInvis .   a - +0 war axe
rCold   + . .      Faith    .   k - +3 buckler
rNeg    . . .      Spirit   .   b - +0 scale mail
rPois   .          Reflect  .   z - +1 helmet
rElec   .          Harm     .   d - +0 cloak
rCorr   .          Rampage  .   (no gloves)
Will    .....                   (no boots)
Stlth   ..........              (no amulet)
HPRegen 0.21/turn               n - ring of protection from fire
MPRegen 0.11/turn               r - ring of protection from cold

@: no status effects
A: no striking features
a: Renounce Religion


You were on level 6 of the Dungeon.
You worshipped Okawaru.
Okawaru was noncommittal.
You visited 2 branches of the dungeon, and saw 8 of its levels.

You collected 382 gold pieces.

Inventory:

Hand Weapons
 a - a +0 war axe (weapon)
 t - a +1 antimagic spear
Missiles
 E - 4 boomerangs (quivered)
Armour
 b - a +0 scale mail (worn)
 d - a +0 cloak (worn)
 k - a +3 buckler (worn)
 z - a +1 helmet (worn)
Jewellery
 n - a ring of protection from fire (left hand)
 r - a ring of protection from cold (right hand)
 B - a ring of flight
Wands
 c - a wand of polymorph (6)
 v - a wand of iceblast (7)
 x - a wand of flame (14)
Scrolls
 e - 2 scrolls of enchant armour
 j - a scroll of magic mapping {unknown}
 l - a scroll of torment {unknown}
 m - 2 scrolls of vulnerability {unknown}
 o - a scroll of summoning {unknown}
 u - 2 scrolls of noise {unknown}
 y - 2 scrolls of immolation {unknown}
 C - a scroll of teleportation {unknown}
 D - a scroll of enchant weapon {unknown}
Potions
 f - a potion of invisibility {unknown}
 g - a potion of flight {unknown}
 h - 4 potions of heal wounds {unknown}
 i - 2 potions of berserk rage {unknown}
 p - a potion of lignification {unknown}
 q - a potion of resistance {unknown}
 s - 4 potions of mutation {unknown}
 w - 2 potions of curing {unknown}
 A - a potion of haste {unknown}


   Skills:
 + Level 4.3 Fighting
 * Level 13.6 Axes
 - Level 3.2 Armour
 - Level 4.0 Shields
 + Level 2.2 Invocations


You had 7 spell levels left.
You didn't know any spells.
Your spell library was empty.

Dungeon Overview and Level Annotations

Branches:
Dungeon (7/15)             Temple (1/1) D:6

Altars:
Ashenzari
Dithmenos
Elyvilon
Gozag
Hepliaklqana
Kikubaaqudgha
Nemelex Xobeh
Okawaru
Qazlal
Ru
Sif Muna
Trog
Uskayaw
Vehumet
Wu Jian
Yredelemnul
Zin
The Shining One


Message History

Press: ? - help, Shift-Dir - straight line, f - orc warrior
Aim: an orc warrior, wielding a +0 mace and wearing a +0 plate armour (heavily wounded)
The mass of ice explodes!
The iceblast engulfs the orc warrior!
The orc warrior is severely wounded.
Okay, then.
Okay, then.
Okay, then.
The orc warrior closely misses you.
You hit the orc warrior but do no damage.
The orc warrior is heavily wounded.
The orc warrior hits you but does no damage.
You hit the orc warrior but do no damage.
The orc warrior is heavily wounded.
You barely miss the orc warrior.
The orc warrior is heavily wounded.
The orc warrior hits you with a +0 mace!
* * * LOW HITPOINT WARNING * * *
You slash the orc warrior!
The orc warrior is almost dead.
You block the orc warrior's attack.
You closely miss the orc warrior.
The orc warrior is almost dead.
The orc warrior hits you with a +0 mace.
* * * LOW HITPOINT WARNING * * *
You hit the orc warrior but do no damage.
The orc warrior is almost dead.
The orc warrior barely misses you.
You closely miss the orc warrior.
The orc warrior is almost dead.
You block the orc warrior's attack.
You barely miss the orc warrior.
The orc warrior is almost dead.
You hit the orc warrior but do no damage.
The orc warrior is almost dead.
The orc warrior hits you with a +0 mace!
* * * LOW HITPOINT WARNING * * *
You barely miss the orc warrior.
The orc warrior is almost dead.
The orc warrior hits you with a +0 mace.
You die...

#...#.......####...
#...........# #...
#...........# #...
#...........# ####
#...#..###.##
##.##..###'###
#.##......).#
#.##......).######
#@##.>....).'.....
#o##........##....
#.#####.#.####....
#########.#####.#.........
#...............###.......
##.#######.###............
#.# #.# #.####......# #.#
#.# #.# #......# #.# #.#
#.# ########


You could see an orc warrior.

Vanquished Creatures
  An ice beast (D:6)
  An orc warrior (D:6)
  A black bear (D:6)
  A necrophage (D:6)
  An ogre (D:5)
  A phantom (D:5)
  A bullfrog (D:7)
  2 kobold brigands
  A wyvern zombie (D:6)
  4 scorpions
  A water moccasin zombie (D:5)
  2 jellies (D:6)
  A bullfrog zombie (D:5)
  2 hounds (D:5)
  Crazy Yiuf (D:2)
  Ijyb (D:5)
  An orc wizard (D:7)
  16 gnolls
  An adder (D:6)
  A howler monkey skeleton (D:5)
  A shadow imp (D:7)
  2 white imps
  An adder skeleton (D:4)
  2 worms
  A dart slug (D:5)
  13 orcs
  2 endoplasms
  3 giant cockroaches
  3 goblins
  8 hobgoblins
  4 jackals (D:2)
  2 quokkas
  6 ball pythons
  2 bats (D:1)
  4 frilled lizards
  51 kobolds
  5 rats
151 creatures vanquished.

Vanquished Creatures (others)
  13 plants
13 creatures vanquished.

Grand Total: 164 creatures vanquished

Notes
Turn   | Place    | Note
-------+----------+-------------------------------------------
     0 | D:1      | Crownlay the Hill Orc Fighter began the quest for the Orb.
     0 | D:1      | Reached XP level 1. HP: 19/19 MP: 1/1
   173 | D:1      | Reached skill level 3 in Axes
   397 | D:1      | Reached XP level 2. HP: 23/26 MP: 2/2
   443 | D:1      | You fall into a shaft and drop 1 floor!
   930 | D:2      | Reached skill level 4 in Axes
   934 | D:2      | Reached XP level 3. HP: 31/31 MP: 3/3
  1112 | D:2      | Found a runed translucent door.
  1113 | D:2      | Noticed Crazy Yiuf
  1787 | D:2      | Killed Crazy Yiuf
  2016 | D:3      | Reached XP level 4. HP: 39/39 MP: 4/4
  2135 | D:3      | Reached skill level 5 in Axes
  2557 | D:3      | Reached skill level 6 in Axes
  2855 | D:3      | Reached XP level 5. HP: 45/45 MP: 5/5
  3261 | D:4      | Reached skill level 7 in Axes
  3320 | D:4      | Reached XP level 6. HP: 26/51 MP: 6/6
  3601 | D:4      | Reached skill level 8 in Axes
  4208 | D:5      | Entered Level 5 of the Dungeon
  4400 | D:5      | Noticed Ijyb
  4423 | D:5      | Killed Ijyb
  4636 | D:5      | Reached skill level 9 in Axes
  4707 | D:5      | Reached XP level 7. HP: 49/57 MP: 7/7
  5208 | D:5      | Reached skill level 10 in Axes
  5461 | D:5      | Reached skill level 11 in Axes
  5675 | D:5      | Reached XP level 8. HP: 64/64 MP: 8/8
  6006 | D:6      | Reached skill level 12 in Axes
  6514 | D:6      | Reached skill level 13 in Axes
  6696 | D:6      | Found a staircase to the Ecumenical Temple.
  6707 | Temple   | Entered the Ecumenical Temple
  6825 | Temple   | Became a worshipper of Warmaster Okawaru
  6998 | D:6      | Reached skill level 1 in Invocations
  7712 | D:6      | HP: 1/67 [orc warrior (13)]
  7798 | D:6      | HP: 3/67 [orc warrior (8)]
  7799 | D:6      | Slain by an orc warrior

Illustrated notes

Levels and vault maps discovered:
D:1:      dpeg_arrival_arbitrary_a, layout_rooms, ebering_ecumenical_altar_webs
D:2:      layout_basic, serial_bayou_pond_c, nrook_campfire, grunt_ministairs_3,
          minmay_heptomino_d4, uniq_crazy_yiuf_cottage
D:3:      layout_basic, hangedman_decor_push, grunt_decor_resistance,
          chequers_serial_rivers_micro_b
D:4:      layout_loops_cross, serial_bayou_pond_c, bh_walls_and_bars
D:5:      minmay_goblin_kobold_castle, layout_loops_ring, uniq_ijyb
D:6:      layout_basic, minmay_temple_entry_mini_moons
D:7:      statuecave_lemuel, layout_cave_pools
Temple:   mainiacjoe_temple_circle_huts

Skill      XL: |  1  2  3  4  5  6  7  8 |
---------------+-------------------------+-----
Axes           | 3 4 6 7 9 11 13 | 13.6
Shields        | 4 |  4.0
Fighting       | 4 |  4.3
Invocations    | 2 |  2.2
Armour         | |  3.2

Action                   |  1- 3 |  4- 6 |  7- 9 || total
-------------------------+-------+-------+-------++-------
Melee: War axe           |    65 |   172 |   245 ||   482
Throw: Boomerang         |       |       |     4 ||     4
Evoke: Wand              |       |       |     1 ||     1
  Use: Potion            |     1 |       |       ||     1
       Scroll            |       |     1 |       ||     1
Armor: Scale mail        |    30 |    65 |    63 ||   158
Dodge: Dodged            |    33 |    62 |    76 ||   171
Block: Buckler           |    11 |    50 |    69 ||   130

Table legend: (Time is in decaauts)
 A = Elapsed time spent in this place.
 B = Non-inter-level travel time spent in this place.
 C = Inter-level travel time spent in this place.
 D = Time resting spent in this place.
 E = Time spent auto-exploring this place.
 F = Levels seen in this place.
 G = Mean time per level.
                   A        B        C        D        E       F      G
               +--------+--------+--------+--------+--------+-----+--------+
         Total |   7850 |   7356 |    494 |      0 |   6248 |   8 |  981.2 |
       Dungeon |   7715 |   7238 |    477 |      0 |   6154 |   7 | 1102.1 |
        Temple |    135 |    118 |     17 |      0 |     94 |   1 |  135.0 |
               +--------+--------+--------+--------+--------+-----+--------+

Top non-repeatable levels by time:
     D:5: 1819 daAuts
     D:2: 1582 daAuts
     D:6: 1496 daAuts
     D:4: 1336 daAuts
     D:3: 974 daAuts
     D:1: 451 daAuts
  Temple: 135 daAuts
     D:7: 54 daAuts
